 Dungeon Crawl Stone Soup version 0.32-a0-918-g0f22ef8d61 (webtiles) character file.

Game seed: 13454633845196066777

24596 Mrcake the Warrior (level 13, 0/138 HPs)
             Began as a Gargoyle Fighter on Apr 11, 2024.
             Was an Initiate of Gozag.
             Slain by a +2 scimitar of chaos (2 damage)
             ... on level 11 of the Dungeon.
             The game lasted 00:29:03 (12099 turns).

Mrcake the Warrior (Gargoyle Fighter)              Turns: 12099, Time: 00:29:05

Health: 0/138      AC: 39    Str: 25    XL:     13   Next: 14%
Magic:  13/13      EV:  8    Int:  9    God:    Gozag
Gold:   2120       SH:  4    Dex: 12    Spells: 12/12 levels left

rFire   + . .        K - +0 morningstar (heavy)
rCold   . . .        c - +0 buckler
rNeg    + + .        T - +6 plate armour "Damnable Contraption" {rF+}
rPois   ∞            (no helmet)
rElec   +            t - +0 cloak
rCorr   .            W - +0 pair of gloves
SInv    .            N - +0 pair of boots
Will    .....        J - amulet of regeneration Stlth
                     U - ring "Ihewnof" {rN+ Dex+3}
HPRegen 1.23/turn    I - +4 ring of protection
MPRegen 0.13/turn

%: no passive effects
@: mighty, berserking, weakened, gold aura, slowed, studying Armour
A: sickness immunity, AC +9, negative energy resistance 1, electricity
resistance, torment resistance 1, petrification resistance
a: Renounce Religion, Potion Petition, Call Merchant, Bribe Branch


You were on level 11 of the Dungeon.
You worshipped Gozag.
Gozag was most pleased with you.
You visited 1 branch of the dungeon, and saw 11 of its levels.
You visited the Abyss 1 time.
You also visited: Ossuary and Bailey.

You collected 4052 gold pieces.
You spent 1870 gold pieces at shops.
You paid 62 gold pieces to Gozag.

Inventory:

Hand Weapons
 s - a +3 whip of venom
 K - a +0 heavy morningstar (weapon)
 P - a +5 dire flail of distortion
 Z - a +1 demon whip of venom
Missiles
 b - 2 throwing nets (quivered)
Armour
 c - a +0 buckler (worn)
 t - a +0 cloak (worn)
 E - a scarf of shadows
 N - a +0 pair of boots (worn)
 T - the +6 plate armour "Damnable Contraption" (worn) {rF+}
   (You bought it in a shop on level 2 of the Dungeon)

   rF+:       It protects you from fire.
 W - a +0 pair of gloves (worn)
Jewellery
 g - a ring of resist corrosion
 A - a ring of wizardry
 I - a +4 ring of protection (right hand)
 J - an amulet of regeneration (around neck)
 U - the ring "Ihewnof" (left hand) {rN+ Dex+3}
   (You bought it in a shop on level 2 of the Dungeon)

   [ring of positive energy]

   Dex+3:     It affects your dexterity (+3).
   rN+:       It protects you from negative energy.
 Y - a ring of ice
Wands
 u - a wand of flame (19)
 C - a wand of polymorph (19)
 F - a wand of charming (13)
 G - a wand of roots (12)
 M - a wand of digging (8)
 R - a wand of mindburst (12)
Scrolls
 f - a scroll of fog
 h - 2 scrolls of amnesia
 i - 4 scrolls of teleportation
 j - 2 scrolls of noise
 l - 11 scrolls of identify
 m - 2 scrolls of brand weapon
 o - 4 scrolls of enchant armour
 p - 3 scrolls of poison
 r - a scroll of butterflies
 w - 5 scrolls of vulnerability
 y - a scroll of blinking
 H - 2 scrolls of silence {unknown}
 O - a scroll of revelation {unknown}
 Q - 2 scrolls of enchant weapon {unknown}
 S - a scroll of fear
Potions
 d - 4 potions of might
 e - 7 potions of curing
 k - 5 potions of degeneration
 n - 5 potions of heal wounds {unknown}
 q - 2 potions of enlightenment {unknown}
 v - 2 potions of attraction {unknown}
 x - 3 potions of mutation {unknown}
 z - 3 potions of resistance {unknown}
 B - 2 potions of lignification {unknown}
 D - a potion of haste {unknown}
 L - a potion of magic {unknown}
 V - a potion of cancellation {unknown}
 X - a potion of invisibility {unknown}


   Skills:
 + Level 15.1 Fighting
 + Level 13.7 Maces & Flails
 + Level 12.0 Armour
 + Level 6.1 Dodging
 - Level 3.2 Shields


You had 12 spell levels left.
You didn't know any spells.
Your spell library contained the following spells:

 Spells                   Type           Power      Damage    Failure   Level
 Kiss of Death            Conj/Necr      0%         2d5       99%         1
 Confusing Touch          Hex            0%         N/A       100%        3
 Summon Ice Beast         Ice/Summ       0%         N/A       100%        3
 Dispel Undead            Necr           0%         3d6       100%        4
 Summon Forest            Summ/Tloc      0%         N/A       100%        5
 Summon Mana Viper        Hex/Summ       0%         N/A       100%        5
 Eringya's Noxious Bog    Alch           0%         4d6       100%        6
 Monstrous Menagerie      Summ           0%         N/A       100%        7
 Summon Hydra             Summ           0%         N/A       100%        7


Dungeon Overview and Level Annotations

Branches:
Dungeon (11/15)            Temple (0/1) D:5            Lair (0/5) D:11
Ossuary (visited)          Bailey (visited)
    Orc: D:9-12

Altars:
Dithmenos
Elyvilon
Gozag
Hepliaklqana
Kikubaaqudgha
Nemelex Xobeh
Qazlal
Trog
Xom
Yredelemnul

Shops:
D:2 *   D:5 !

Portals:
Trove: D:10 (show slimy rune of Zot)


Innate Abilities, Weirdness & Mutations

You are immune to sickness and miasma.
Your stone body is resilient. (AC +9)
You are immune to poison.
You resist negative energy. (rN+)
You are resistant to electric shocks. (rElec)
You are resistant to unholy torment.
You are immune to petrification.


Message History

You resist with significant effort.
You block the +2 scimitar of chaos's attack.
Zigma's ghost gestures at you while chanting.
You resist with significant effort. The +2 scimitar of chaos hits you.
You convulse.
You miss Zigma's ghost.
Zigma's ghost is almost destroyed.
The +2 scimitar of chaos hits you but does no damage.
Zigma's ghost hits you but does no damage.
The +2 scimitar of chaos hits you. The +2 scimitar of chaos freezes you.
Zigma's ghost hits you but does no damage.
You pound Zigma's ghost like an anvil!!!
You destroy Zigma's ghost!
The +2 scimitar of chaos hits you!
* * * LOW HITPOINT WARNING * * *
The +2 scimitar of chaos hits you but does no damage.
You feel your attacks grow feeble.
The +2 scimitar of chaos hits you but does no damage.
Your Armour skill increases to level 12!
The +2 scimitar of chaos hits you but does no damage.
The +2 scimitar of chaos hits you!
* * * LOW HITPOINT WARNING * * *
You feel very mighty all of a sudden. The +2 scimitar of chaos hits you!
* * * LOW HITPOINT WARNING * * *
A red film seems to cover your vision as you go berserk!
You feel yourself moving faster!
You feel mighty!
You see here 5 gold pieces.
You impale the +2 scimitar of chaos!!
The +2 scimitar of chaos is severely damaged.
The +2 scimitar of chaos hits you.
* * * LOW HITPOINT WARNING * * *
The +2 scimitar of chaos hits you but does no damage.
You miss the +2 scimitar of chaos.
The +2 scimitar of chaos is severely damaged.
The +2 scimitar of chaos hits you.
* * * LOW HITPOINT WARNING * * *
The +2 scimitar of chaos freezes you.
You die...
Your body crumbles into a pile of gold.

#.# #...##.#.# #.#......#
#.###...##.#.# #.#.##.###
#........#.#.# #.#.##.#
#########....#.#.# #.#.##.#
#............#.#.####...##.#
....##########.#........##.#
#.#.# ###...####.##.#
..#.##### ##$#...# #.##.#
........# #._'@..# #.##.#
........# ###.#(.## #.##.#
......#.# #.###..# #.##.#
........# #.# #### #.##.#
.>.#....####.#### #....#
................# #..###
................# #..#
................# #..#
.........###'##########..#


You could see a +2 scimitar of chaos.

Vanquished Creatures
  Fannar (D:11)
  Harold (D:9)
  Erolcha (D:9)
  A vault guard (D:10)
  The ghost of Zigma the Grappler, a journeyman DrMo of Sif Muna (D:11)
  2 two-headed ogres
  An orc high priest (Bailey)
  Amaemon (D:11)
  An obsidian bat (Abyss:1)
  2 starcursed masses (Abyss:1)
  2 ugly things
  A large abomination (Abyss:1)
  A smoke demon (Abyss:1)
  An orange demon (D:11)
  A cane toad (D:11)
  A kobold demonologist (Bailey)
  3 trolls
  2 hornets
  A harpy skeleton (Abyss:1)
  5 raiju (Abyss:1)
  A water elemental (D:11)
  A shadow (D:11)
  A wyvern (D:11)
  2 ynoxinuls (Abyss:1)
  3 wraiths
  28 yaks
  2 steam dragons
  A neqoxec (Abyss:1)
  2 water moccasins
  An acid dragon (D:9)
  An ice beast (D:7)
  12 orc warriors
  A sky beast (D:6)
  A black bear (D:8)
  2 small abominations (Abyss:1)
  2 ogres (D:5)
  2 phantoms
  2 centaurs
  7 kobold brigands
  9 bullfrogs
  8 scorpions
  A gnoll sergeant (D:8)
  9 wights
  7 killer bees
  8 electric eels
  A centaur zombie (Ossuary)
  7 orc priests
  3 bombardier beetles
  3 jellies
  2 hounds
  A human zombie (Ossuary)
  6 iguanas
  9 scorpion zombies (Ossuary)
  3 orc wizards
  3 mummies (Ossuary)
  13 gnolls
  8 adders
  A shadow imp (D:7)
  3 adder zombies (Ossuary)
  5 dart slugs
  3 ribbon worms
  22 orcs
  2 endoplasms (D:2)
  5 giant cockroaches
  3 gnoll zombies (Ossuary)
  14 goblins
  10 hobgoblins
  3 quokkas
  8 ball pythons
  2 ball python zombies (Ossuary)
  4 bats
  2 frilled lizards (D:1)
  2 jackal zombies (Ossuary)
  33 kobolds
  An orc zombie (Ossuary)
  7 rats
333 creatures vanquished.

Vanquished Creatures (others)
  An orc wizard (D:8)
1 creature vanquished.

Grand Total: 334 creatures vanquished

Notes
Turn   | Place    | Note
-------+----------+-------------------------------------------
     0 | D:1      | Mrcake the Gargoyle Fighter began the quest for the Orb.
     0 | D:1      | Reached XP level 1. HP: 14/14 MP: 1/1
   210 | D:1      | Reached XP level 2. HP: 19/19 MP: 2/2
  1000 | D:2      | Reached XP level 3. HP: 24/24 MP: 3/3
  1003 | D:2      | Reached skill level 4 in Fighting
  1198 | D:2      | Found Venuekut's Assorted Antiques.
  1843 | D:3      | Reached XP level 4. HP: 30/30 MP: 4/4
  2329 | D:4      | Reached XP level 5. HP: 34/34 MP: 5/5
  2358 | D:4      | Found a sand-covered staircase.
  2401 | Ossuary  | Entered an ossuary
  2417 | Ossuary  | Reached skill level 5 in Fighting
  2491 | Ossuary  | Reached XP level 6. HP: 28/40 MP: 6/6
  2604 | Ossuary  | Reached skill level 6 in Fighting
  2640 | Ossuary  | Reached skill level 5 in Maces & Flails
  2727 | Ossuary  | Reached XP level 7. HP: 35/47 MP: 7/7
  2796 | Ossuary  | Reached skill level 7 in Fighting
  3007 | D:4      | Found an opulent altar of Gozag.
  3008 | D:4      | Found a hazy altar of Hepliaklqana.
  3023 | D:4      | Became a worshipper of Gozag Ym Sagoz the Greedy
  3120 | D:4      | Reached XP level 8. HP: 50/53 MP: 8/8
  3384 | D:5      | Entered Level 5 of the Dungeon
  3843 | D:5      | Reached skill level 8 in Fighting
  4453 | D:5      | Found a staircase to the Ecumenical Temple.
  4830 | D:5      | Found Vorchuc's Distillery.
  5135 | D:5      | Found a white marble altar of Elyvilon.
  5146 | D:5      | Found an ancient bone altar of Kikubaaqudgha.
  5210 | D:6      | Reached skill level 9 in Fighting
  5342 | D:6      | Reached XP level 9. HP: 51/60 MP: 9/9
  5988 | D:7      | Reached skill level 10 in Fighting
  6199 | D:7      | Found a shadowy altar of Dithmenos.
  6236 | D:7      | Found a flagged portal.
  6250 | Bailey   | Entered a bailey
  6373 | Bailey   | Noticed a kobold demonologist
  6387 | Bailey   | Noticed a rust devil
  6387 | Bailey   | Killed a kobold demonologist
  6388 | Bailey   | Reached skill level 11 in Fighting
  6395 | Bailey   | Found an iron altar of Okawaru.
  6395 | Bailey   | Noticed an orc high priest
  6421 | Bailey   | Killed an orc high priest
  6422 | Bailey   | Reached skill level 10 in Maces & Flails
  6422 | Bailey   | Reached XP level 10. HP: 61/70 MP: 10/10
  6443 | Bailey   | Identified the +1 robe "Coom" {Dex+2}
  6955 | Bailey   | Acquired a +5 dire flail of distortion
  6956 | Bailey   | Acquired 1191 gold pieces
  7189 | D:7      | Reached skill level 12 in Fighting
  7240 | D:7      | Found a basalt altar of Yredelemnul.
  7392 | D:7      | Noticed a moth of wrath
  7396 | D:7      | Found a bloodstained altar of Trog.
  7433 | D:7      | Identified the +4 whip of Checks and Balances {venom, rN++
                  | Str-2}
  7434 | D:7      | Identified the +0 great sword of Plunder {vamp, Fly MP+9}
  7531 | D:7      | Found a stormy altar of Qazlal.
  8488 | D:2      | Bought a heavily runed plate armour for 616 gold pieces
  8488 | D:2      | Identified the +6 plate armour "Damnable Contraption" {rF+}
                  | (You bought it in a shop on level 2 of the Dungeon)
  8488 | D:2      | Bought a glittering tin ring for 110 gold pieces
  8488 | D:2      | Identified the ring "Ihewnof" {rN+ Dex+3} (You bought it in
                  | a shop on level 2 of the Dungeon)
  8488 | D:2      | Bought a scroll of acquirement for 1144 gold pieces
  8502 | D:2      | Acquired a manual of Armour
  8623 | D:9      | Reached XP level 11. HP: 77/77 MP: 11/11
  8660 | D:9      | Reached skill level 13 in Fighting
  8727 | D:9      | Found a sparkling altar of Nemelex Xobeh.
  8737 | D:9      | Noticed Erolcha
  8754 | Abyss:1  | Cast into level 1 of the Abyss (Erolcha)
  8761 | Abyss:1  | Noticed an obsidian bat
  8781 | Abyss:1  | Killed an obsidian bat
  8782 | Abyss:1  | Reached skill level 1 in Dodging
  8805 | Abyss:1  | Reached skill level 5 in Armour
  8833 | Abyss:1  | Noticed a starcursed mass
  8853 | Abyss:1  | Killed a starcursed mass
  8854 | Abyss:1  | Killed a starcursed mass
  8873 | Abyss:1  | Noticed a large abomination
  8883 | Abyss:1  | Killed a large abomination
  8999 | Abyss:1  | Noticed a bone dragon
  9013 | Abyss:1  | Banished a bone dragon
  9018 | D:9      | Escaped the Abyss
  9022 | D:9      | Killed Erolcha
  9119 | D:9      | Noticed a red ugly thing
  9134 | D:9      | Killed a red ugly thing
  9135 | D:9      | Reached XP level 12. HP: 76/84 MP: 12/12
  9398 | D:9      | Reached skill level 14 in Fighting
  9525 | D:9      | Noticed Harold
  9539 | D:9      | Killed Harold
 10133 | D:10     | Entered Level 10 of the Dungeon
 10433 | D:10     | Reached skill level 10 in Armour
 10475 | D:10     | Noticed a two-headed ogre
 10478 | D:10     | Killed a two-headed ogre
 10479 | D:10     | Reached skill level 5 in Dodging
 10664 | D:10     | Noticed a vault guard
 10671 | D:10     | Killed a vault guard
 10681 | D:10     | Found a portal to a secret trove of treasure.
 11161 | D:11     | Noticed a two-headed ogre
 11165 | D:11     | Noticed Amaemon
 11170 | D:11     | Noticed Fannar
 11192 | D:11     | Killed a two-headed ogre
 11239 | D:11     | Killed Amaemon
 11259 | D:11     | Killed Fannar
 11260 | D:11     | Reached XP level 13. HP: 33/91 MP: 13/13
 11374 | D:11     | Reached skill level 15 in Fighting
 11490 | D:11     | Found a staircase to the Lair.
 11766 | D:11     | Found a runed translucent door.
 11791 | D:11     | Found a shimmering altar of Xom.
 11791 | D:11     | Noticed Zigma's ghost (journeyman DrMo)
 12096 | D:11     | Killed Zigma's ghost
 12098 | D:11     | HP: 6/138 [+2 scimitar of chaos (5)]
 12099 | D:11     | HP: 2/138 [+2 scimitar of chaos (5)]
 12099 | D:11     | Slain by a +2 scimitar of chaos

Illustrated notes

Levels and vault maps discovered:
D:1:      shiori_arrival_elements, layout_basic, nrook_uturn
D:2:      layout_loops_ring, serial_shops, nicolae_shop_advertising_works
          [nicolae_subvault_shop_adworks], nicolae_hexahallways,
          minmay_misc_feat_plants
D:3:      layout_rooms
D:4:      layout_cave_pools, gammafunk_temple_overflow_pools, enter_ossuary_2
D:5:      layout_layer_cave, amethyst_overflow_temple_binary,
          minmay_temple_entry_waves, serial_shops, nicolae_shop_behind_doors
D:6:      layout_loops_ring, minmay_fractal_squares_gapless_5
D:7:      layout_loops_cross, old_standard_altar, tgw_trog,
          nicolae_dithmenos_the_darkroom, lemuel_round_altar, enter_bailey_3,
          minivault_14
D:8:      layout_cave_pools
D:9:      layout_gridville, nemelex_xobeh_ov_fountains_minmay, uniq_erolcha,
          uniq_harold
D:10:     layout_roguey, enter_trove_5, kennysheep_generic_room_10
D:11:     layout_basic, dpeg_lair_monsters, ebering_ghost_xom,
          gauntlet_entry_generic, chequers_decorated_corner, st_stairs_3,
          uniq_fannar, uniq_amaemon

Skill      XL: |  1  2  3  4  5  6  7  8  9 10 11 12 13 |
---------------+----------------------------------------+-----
Fighting       | 4 5 6 7 9 11 12 13 14 15 | 15.1
Maces & Flails | 3 4 5 6 8 10 11 12 13 | 13.7
Armour         | 8 11 12 | 12.0
Dodging        | 3 5 6 |  6.1
Shields        | |  3.2

Action                     |  1- 3 |  4- 6 |  7- 9 | 10-12 | 13-15 || total
---------------------------+-------+-------+-------+-------+-------++-------
  Melee: Flail             |   133 |       |       |       |       ||   133
         Whip              |       |   188 |   410 |    73 |       ||   671
         Dire flail        |       |       |       |   304 |       ||   304
         Morningstar       |       |       |       |   198 |    71 ||   269
    Use: Scroll            |       |       |    11 |     5 |       ||    16
         Potion            |       |       |       |     5 |       ||     5
   Stab: Distracted        |       |       |     1 |     2 |       ||     3
 Armour: Scale mail        |   121 |   138 |   137 |       |       ||   396
         Chain mail        |       |       |   127 |   188 |       ||   315
         Plate armour      |       |       |       |   421 |   105 ||   526
  Dodge: Dodged            |    62 |    85 |   145 |   227 |    23 ||   542
  Block: Buckler           |    28 |    37 |    65 |    55 |    14 ||   199

Table legend: (Time is in decaauts)
 A = Elapsed time spent in this place.
 B = Non-inter-level travel time spent in this place.
 C = Inter-level travel time spent in this place.
 D = Time resting spent in this place.
 E = Time spent auto-exploring this place.
 F = Levels seen in this place.
 G = Mean time per level.
                   A        B        C        D        E       F      G
               +--------+--------+--------+--------+--------+-----+--------+
         Total |  12023 |  11172 |    851 |    633 |   7861 |  14 |  858.8 |
       Dungeon |  10565 |   9714 |    851 |    633 |   7053 |  11 |  960.5 |
         Abyss |    233 |    233 |      0 |      0 |    106 |   1 |  233.0 |
       Ossuary |    536 |    536 |      0 |      0 |    243 |   1 |  536.0 |
        Bailey |    686 |    686 |      0 |      0 |    458 |   1 |  686.0 |
               +--------+--------+--------+--------+--------+-----+--------+

Top non-repeatable levels by time:
     D:5: 1894 daAuts
     D:9: 1309 daAuts
    D:11: 1140 daAuts
     D:2: 1014 daAuts
     D:7: 955 daAuts
     D:1: 821 daAuts
     D:6: 804 daAuts
     D:8: 773 daAuts
    D:10: 722 daAuts
  Bailey: 686 daAuts
     D:4: 668 daAuts
 Ossuary: 536 daAuts
     D:3: 462 daAuts
 Abyss:1: 233 daAuts
